 Dungeon Crawl Stone Soup version 0.28-a0-1555-g9ae15a6949 (webtiles) character file.

Game seed: 2228361391172085830

114237 Hasart the Martial Artist (level 16, -31/134 HPs)
             Began as an Octopode Transmuter on Jan 18, 2022.
             Was an Initiate of Gozag.
             Shot with an arrow by a satyr (35 damage)
             ... on level 2 of the Shoals.
             The game lasted 01:17:41 (33283 turns).

Hasart the Martial Artist (Octopode Transmuter)    Turns: 33283, Time: 01:17:42

Health: -31/134    AC: 15    Str:  9    XL:     16   Next: 65%
Magic:  26/30      EV:  9    Int: 21    God:    Gozag
Gold:   1469       SH:  0    Dex: 21    Spells: 10/35 levels left

rFire   + . .      SeeInvis +     - Unarmed
rCold   + + +      Faith    .   (shield currently unavailable)
rNeg    + + +      Spirit   .   (helmet currently unavailable)
rPois   +          Reflect  .   f - amulet of regeneration
rElec   +          Harm     .   j - +6 ring of dexterity
rCorr   +          Rampage  .   M - ring of protection from fire
Will    .....                   y - ring of resist corrosion
Stlth   +.........              i - +4 ring of protection
HPRegen 1.12/turn               C - ring "Xaoxaga" {Slay+4 Stlth+}
MPRegen 0.22/turn               x - ring "Katosal" {Drain +Blink rElec rN+++ Slay+4}
                                q - ring of see invisible
                                H - ring of protection from fire

@: lit by a corona, ice-form, weak-willed, afraid, radiating poison, mesmerised,
held, glowing
A: freezing attack, boosted hp, almost no armour, amphibious, 8 rings, large,
(camouflage 1), (gelatinous body 1), (nimble swimmer 1), (tentacles)
a: End Transformation, Renounce Religion, Evoke Blink, Potion Petition, Call
Merchant, Bribe Branch


You were on level 2 of the Shoals.
You worshipped Gozag.
Gozag was most pleased with you.
You were a creature of crystalline ice.
You visited 5 branches of the dungeon, and saw 26 of its levels.

You collected 11062 gold pieces.
You spent 4917 gold pieces at shops.
You paid 4676 gold pieces to Gozag.

Inventory:

Missiles
 s - 7 throwing nets
Jewellery
 f - an amulet of regeneration (around neck)
 i - a +4 ring of protection (on tentacle)
 j - a +6 ring of dexterity (left front paw)
 q - a ring of see invisible (on tentacle)
 x - the ring "Katosal" (on tentacle) {Drain +Blink rElec rN+++ Slay+4}
   (You bought it in a shop on level 2 of the Orcish Mines)

   [ring of slaying]

   Slay:      It affects your accuracy & damage with ranged weapons and melee
   (+4).
   rElec:     It insulates you from electricity.
   rN:        It renders you almost immune to negative energy.
   +Blink:    It lets you blink.
   Drain:     It drains your maximum health when unequipped.
 y - a ring of resist corrosion (on tentacle)
 C - the ring "Xaoxaga" (on tentacle) {Slay+4 Stlth+}
   (You acquired it on level 11 of the Dungeon)

   [ring of slaying]

   Slay:      It affects your accuracy & damage with ranged weapons and melee
   (+4).
   Stlth:     It makes you more stealthy.
 H - a ring of protection from fire (on tentacle)
 M - a ring of protection from fire (right front paw)
Wands
 c - a wand of iceblast (12)
 r - a wand of digging (7)
 E - a wand of acid (7)
 G - a wand of mindburst (9)
 I - a wand of paralysis (7)
 J - a wand of flame (10)
Scrolls
 g - 8 scrolls of identify
 h - 11 scrolls of teleportation
 l - a scroll of vulnerability {unknown}
 w - 6 scrolls of fog
 A - a scroll of magic mapping
 B - 2 scrolls of fear
 F - 2 scrolls of amnesia
 K - 4 scrolls of enchant armour
 L - 2 scrolls of blinking
Potions
 a - 9 potions of might
 b - 9 potions of lignification
 d - 2 potions of ambrosia
 e - 7 potions of curing
 k - a potion of haste
 m - 3 potions of mutation
 n - 6 potions of heal wounds
 o - 3 potions of degeneration
 p - a potion of resistance
 t - 3 potions of attraction
 u - a potion of brilliance
 v - 4 potions of cancellation
 z - 3 potions of flight
 D - 3 potions of magic
 N - 3 potions of invisibility


   Skills:
 + Level 11.0 Fighting
 + Level 11.1 Dodging
 + Level 13.6 Unarmed Combat
 + Level 10.2 Spellcasting
 + Level 1.8 Conjurations
 * Level 13.3 Transmutations
 + Level 7.3 Ice Magic
 + Level 7.6 Air Magic
 - Level 10.0 Poison Magic
 - Level 5.0 Evocations


You had 10 spell levels left.
You knew the following spells:

 Your Spells              Type           Power      Damage    Failure   Level
a - Storm Form            Tmut/Air       26%        N/A       58%         7
b - Wereblood             Tmut           61%        N/A       1%          2
c - Spider Form           Tmut/Pois      56%        N/A       1%          3
d - Olgreb's Toxic Radia  Pois           51%        N/A       1%          4
e - Ice Form              Ice/Tmut       52%        N/A       1%          4
f - Freezing Cloud        Conj/Ice/Air   17%        6-21      19%         5

Your spell library contained the following spells:

 Spells                   Type           Power      Damage    Failure   Level
 Beastly Appendage        Tmut           100%       N/A       1%          1
 Sting                    Tmut/Pois      100%       1d8       1%          1
 Corpse Rot               Necr/Air       52%        N/A       1%          2
 Poisonous Vapours        Pois/Air       94%        N/A       1%          2
 Static Discharge         Conj/Air       30%        N/A       1%          2
 Mephitic Cloud           Conj/Pois/Air  37%        N/A       1%          3
 Magic Dart               Conj           72%        1d6       3%          1
 Foxfire                  Conj/Fire      56%        2x1d6     4%          1
 Slow                     Hex            40%        N/A       6%          1
 Summon Small Mammal      Summ           40%        N/A       6%          1
 Call Imp                 Summ           10%        N/A       10%         2
 Dazzling Flash           Conj/Hex       28%        N/A       13%         3
 Call Canine Familiar     Summ           10%        N/A       19%         3
 Confusing Touch          Hex            10%        N/A       19%         3
 Summon Guardian Golem    Hex/Summ       10%        N/A       19%         3
 Vampiric Draining        Necr           10%        2d6       19%         3
 Dragon Form              Tmut           30%        N/A       22%         7
 Iskenderun's Mystic Bla  Conj/Tloc      14%        2d5       41%         4
 Sticky Flame             Conj/Fire      14%        2d4       41%         4
 Dispel Undead            Necr           10%        3d9       54%         4
 Statue Form              Tmut/Erth      25%        N/A       54%         6
 Starburst                Conj/Fire      7%         6d4       100%        6


Dungeon Overview and Level Annotations

Branches:
Dungeon (15/15)            Temple (1/1) D:5            Lair (6/6) D:10
 Shoals (2/4) Lair:4        Snake (0/4) Lair:3        Slime (0/5) Lair:5
    Orc (2/2) D:12            Elf (0/3) Orc:2        Depths (0/4) D:15
 Vaults: D:13-14

Altars:
Ashenzari
Cheibriados
Dithmenos
Elyvilon
Fedhas
Gozag
Hepliaklqana
Kikubaaqudgha
Makhleb
Nemelex Xobeh
Okawaru
Qazlal
Ru
Sif Muna
Trog
Uskayaw
Vehumet
Wu Jian
Xom
Yredelemnul
Zin
The Shining One
Beogh

Shops:
D:3 =   D:5 :   D:7 [   D:8 *   D:10 *   D:11 *   D:14 :   D:15 (   Orc:1 ?:
Orc:2 [:[==!   Lair:3 *   Lair:6 ?   Shoals:1 *

Annotations:
Lair:2 1 runed translucent door, Jemig's ghost, journeyman DsFi
Orc:2 1 runed translucent door, Azrael; benappo's ghost, journeyman OpVM


Innate Abilities, Weirdness & Mutations

You are a creature of crystalline ice.
You have a powerful freezing melee attack.
Your maximum health is increased.
Your armour is entirely melded.
You are incapable of wielding weapons or throwing items.
You cannot wear most types of armour.
You are amphibious.
You can wear up to eight rings at the same time.
((Your skin changes colour to match your surroundings (Stealth+).))
((Your rubbery body absorbs attacks. (AC +1, EV +1)))
((You are camouflaged when in or above water. (Stealth+)))
((You have tentacles for arms and can constrict up to eight enemies at once.))


Message History

Casting: Olgreb's Toxic Radiance (mildly dangerous; 1% risk of failure)
Confirm with . or Enter, or press ? or * to list all spells.
Aiming: Freezing Cloud (dangerous; 19% risk of failure)
Press: ? - help, Dir - move target, f - merfolk
Aim: a merfolk, wielding a +0 trident (lightly wounded, poisoned)
Okay, then.
You feel much better.
The faun shoots a sling bullet.
The sling bullet hits you!
The satyr plays a lulling melody on his pipes!
You fall asleep.
A merfolk comes into view. It is wielding a +0 trident.
You hear a shout!
The faun shoots a sling bullet.
The sling bullet hits you.
You wake up.
The merfolk siren chants its luring song.
The satyr shoots an arrow.
The arrow hits you!!
* * * LOW HITPOINT WARNING * * *
Unknown command.
Unknown command.
Unknown command.
Unknown command.
Unknown command.
Unknown command.
Unknown command.
Unknown command.
Unknown command.
Casting: Freezing Cloud (dangerous; 19% risk of failure)
Confirm with . or Enter, or press ? or * to list all spells.
You begin to radiate toxic energy.
The faun looks as sick as possible!
The faun is poisoned.
The merfolk is poisoned. x2
The merfolk looks even sicker.
The cyclops looks as sick as possible!
The satyr looks even sicker.
The merfolk siren looks as sick as possible!
The merfolk looks even sicker.
The merfolk throws a boomerang.
The boomerang hits you but does no damage.
The faun shoots a sling bullet.
The sling bullet hits you!!
* * * LOW HITPOINT WARNING * * *
The merfolk siren chants its luring song.
The satyr shoots an arrow.
The arrow hits you!!
You die...
Your body crumbles into a pile of gold.

P≈≈≈≈≈≈≈≈≈≈≈≈≈≈≈≈≈≈≈
≈≈P≈≈≈≈≈≈≈≈≈≈≈≈≈≈≈≈≈≈
≈P≈≈≈≈≈≈≈≈≈≈≈≈≈≈≈$≈.c≈
≈≈≈≈≈≈≈≈≈≈≈≈....≈≈≈≈≈≈
≈≈≈≈≈≈≈≈≈≈≈..##.≈Yc≈≈.
..≈≈≈≈≈≈≈≈≈≈..##.≈≈≈≈≈c.
.≈.≈..≈≈≈.≈≈.≈≈$≈≈≈≈≈≈..
≈≈≈.##.....≈≈≈$≈≈Cm≈≈≈≈.
≈...#.....)≈≈≈≈≈Y.≈≈≈≈.c
...≈.....)≈........≈≈≈≈≈
..≈......)....^...m≈≈mm≈
.#..≈)......###..≈≈≈≈≈
##.≈≈≈.....# ..>≈≈≈≈
##.≈≈...#### ...≈≈≈≈
#..≈^..## #. ...≈≈≈≈
#.≈≈≈≈.###.. ..≈≈≈≈.
.###.≈≈≈≈≈≈....


You could see 2 satyrs, 3 merfolk, 2 fauns, a cyclops (extremely poisoned), a
merfolk siren (mesmerising, extremely poisoned) and a dream sheep (very
poisoned).

Vanquished Creatures
  Rupert (Lair:6)
  Ilsuiw (Shoals:2)
  A frost giant (D:15)
  Louise (D:15)
  A very ugly thing (D:15)
  Snorg (Orc:2)
  A merfolk impaler (Shoals:2)
  A fire dragon (D:15)
  Fannar (D:11)
  A rakshasa (D:15)
  10 hydras
  A great orb of eyes (D:15)
  4 boulder beetles
  6 centaur warriors
  An ice dragon (Lair:1)
  A death knight (D:14)
  12 two-headed ogres
  5 death yaks
  4 tengu warriors (D:15)
  A shock serpent (shapeshifter) (D:15)
  Nergalle (Lair:4)
  A skeletal warrior (D:14)
  2 goliath frogs (Lair:6)
  2 sea snakes
  A phantasmal warrior (D:14)
  3 orc knights (Orc:2)
  10 ugly things
  A deep elf pyromancer (D:15)
  2 orc sorcerers
  3 cyclopes
  An oklob plant (Lair:5)
  A faun (Shoals:2)
  5 manticores
  Maurice (D:9)
  An ice statue (Lair:1)
  18 elephants
  5 merfolk sirens
  A black mamba (Lair:6)
  2 water nymphs
  21 cane toads
  A gargoyle (D:14)
  A torpor snail (Lair:6)
  3 rime drakes
  13 komodo dragons
  2 freezing wraiths (D:14)
  3 tengu conjurers (D:15)
  2 hornets
  7 trolls
  2 merfolk
  2 tyrant leeches (Lair:6)
  4 polar bears
  2 wind drakes (Shoals:1)
  Prince Ribbit (Lair:3)
  9 slime creatures
  A dream sheep (shapeshifter) (D:10)
  9 dream sheep
  32 blink frogs
  2 wraiths (D:12)
  Eustachio (D:4)
  A vampire (D:10)
  2 shadows
  A water elemental (Shoals:1)
  5 basilisks
  6 wyverns
  74 yaks
  Grum (D:11)
  A steam dragon (Lair:4)
  14 vampire mosquitoes
  A warg (Orc:2)
  3 acid dragons
  4 nagas (Lair:3)
  19 water moccasins
  An ice beast (D:7)
  39 orc warriors
  2 black bears
  8 ogres
  25 wolves
  22 centaurs
  2 phantoms (D:5)
  2 kobold brigands
  13 bullfrogs
  3 gnoll sergeants
  A water moccasin zombie (D:5)
  An elephant simulacrum (Lair:1)
  19 killer bees
  A water moccasin skeleton (D:6)
  5 wights (D:9)
  7 electric eels
  5 howler monkeys
  6 centaur zombies
  11 hounds
  16 jellies
  A gnoll shaman (D:5)
  15 orc priests
  4 centaur skeletons
  2 iguanas
  24 orc wizards
  3 howler monkey zombies
  13 gnolls
  A naga simulacrum (Lair:1)
  9 adders
  A shadow imp (D:8)
  2 white imps
  An ufetubus (D:5)
  A worm (D:3)
  4 dart slugs
  86 orcs
  5 ball pythons
  8 endoplasms
  3 giant cockroaches
  3 hobgoblins
  8 jackals
  2 quokkas
  8 bats
  4 frilled lizards
  12 goblins
  11 kobolds
  5 rats
  A bush (Lair:5)
792 creatures vanquished.

Vanquished Creatures (others)
  34 fungi
  82 plants
116 creatures vanquished.

Grand Total: 908 creatures vanquished

Notes
Turn   | Place    | Note
-------+----------+-------------------------------------------
     0 | D:1      | Hasart the Octopode Transmuter began the quest for the Orb.
     0 | D:1      | Reached XP level 1. HP: 13/13 MP: 3/3
    69 | D:1      | Found a faded altar of an unknown god.
   383 | D:1      | Reached XP level 2. HP: 15/18 MP: 5/5
  1145 | D:1      | Reached XP level 3. HP: 19/23 MP: 6/6
  1930 | D:2      | Reached XP level 4. HP: 25/29 MP: 7/7
  2912 | D:3      | Found Hotour's Jewellery Shop.
  3206 | D:3      | Reached XP level 5. HP: 34/34 MP: 8/8
  3634 | D:3      | Learned a level 2 spell: Wereblood
  3638 | D:3      | Learned a level 3 spell: Spider Form
  3702 | D:3      | Identified the +8 chain mail of Rorghag {rF++ rN+ Str-4
                  | Slay+3}
  4184 | D:3      | Found an ancient bone altar of Kikubaaqudgha.
  4212 | D:3      | Found a glowing golden altar of the Shining One.
  4257 | D:3      | Found a radiant altar of Vehumet.
  4459 | D:4      | Noticed Eustachio
  4477 | D:4      | Killed Eustachio
  4478 | D:4      | Reached skill level 1 in Poison Magic
  4478 | D:4      | Reached XP level 6. HP: 28/41 MP: 7/10
  4483 | D:4      | Reached skill level 1 in Evocations
  4604 | D:4      | Found a broken altar of Ashenzari.
  4707 | D:4      | Reached XP level 7. HP: 25/45 MP: 3/11
  4942 | D:4      | Reached skill level 5 in Unarmed Combat
  5247 | D:4      | Found an ornate altar of the Wu Jian Council.
  5313 | D:5      | Entered Level 5 of the Dungeon
  5677 | D:5      | Found a glowing silver altar of Zin.
  6653 | D:5      | Reached XP level 8. HP: 43/52 MP: 13/13
  6881 | D:5      | Found Sutegeil's Book Boutique.
  6884 | D:5      | Bought a Young Poisoner's Handbook for 200 gold pieces
  6889 | D:5      | Learned a level 4 spell: Olgreb's Toxic Radiance
  6918 | D:5      | Found a staircase to the Ecumenical Temple.
  6927 | Temple   | Entered the Ecumenical Temple
  8237 | Temple   | Became a worshipper of Gozag Ym Sagoz the Greedy
  8798 | D:6      | Learned a level 4 spell: Ice Form
  9105 | D:7      | Reached XP level 9. HP: 43/58 MP: 11/15
  9419 | D:7      | Reached skill level 1 in Ice Magic
  9419 | D:7      | Reached skill level 5 in Poison Magic
  9995 | D:7      | HP: 1/59 [yak (11)]
 10827 | D:7      | Found Qyom's Armour Boutique.
 11671 | D:8      | Reached skill level 5 in Transmutations
 11671 | D:8      | Reached XP level 10. HP: 37/65 MP: 13/17
 11921 | D:8      | Reached skill level 5 in Dodging
 12842 | D:8      | Identified a scroll of acquirement
 12842 | D:8      | Acquired 780 gold pieces
 12845 | D:8      | Bought a scroll labelled PAAM AD QOTOTU for 32 gold pieces
 12966 | D:3      | Bought an amulet of regeneration for 330 gold pieces
 12966 | D:3      | Bought a +4 ring of protection for 396 gold pieces
 13119 | D:9      | Noticed a two-headed ogre
 13292 | D:9      | Killed a two-headed ogre
 13293 | D:9      | Reached skill level 5 in Fighting
 13293 | D:9      | Reached skill level 5 in Spellcasting
 13466 | D:9      | Identified the +4 hand crossbow of Action {vorpal, rCorr
                  | Int+6}
 13523 | D:9      | Found a burning altar of Makhleb.
 13634 | D:9      | Noticed Maurice
 13644 | D:9      | Killed Maurice
 13645 | D:9      | Reached skill level 5 in Evocations
 13789 | D:9      | Reached XP level 11. HP: 70/70 MP: 8/19
 14262 | D:10     | Entered Level 10 of the Dungeon
 14684 | D:10     | Found a staircase to the Lair.
 14799 | D:10     | Noticed a two-headed ogre
 14811 | D:10     | Killed a two-headed ogre
 14988 | D:10     | Noticed a two-headed ogre
 15001 | D:10     | Killed a two-headed ogre
 15225 | D:10     | Noticed a two-headed ogre
 15241 | D:10     | Killed a two-headed ogre
 15253 | D:10     | Noticed a six-headed hydra
 15278 | D:10     | Noticed a centaur warrior
 15585 | D:10     | Killed a centaur warrior
 15771 | D:10     | Found Xatt's Assorted Antiques.
 15779 | D:10     | Bought a notched steel ring for 90 gold pieces
 15784 | D:10     | Noticed a two-headed ogre
 15800 | D:10     | Killed a two-headed ogre
 16330 | D:11     | Noticed Grum
 16336 | D:11     | Reached XP level 12. HP: 80/80 MP: 15/21
 16345 | D:11     | Killed Grum
 16469 | D:11     | Reached skill level 5 in Ice Magic
 16560 | D:11     | Noticed Fannar
 16579 | D:11     | Killed Fannar
 16580 | D:11     | Reached skill level 10 in Poison Magic
 16583 | D:11     | Reached skill level 10 in Unarmed Combat
 16811 | D:11     | Found Aveewn's Assorted Antiques.
 16819 | D:11     | Bought a scroll of acquirement for 1196 gold pieces
 16819 | D:11     | Acquired the ring "Xaoxaga" {Slay+4 Stlth+}
 17251 | D:11     | Found an ornate altar of the Wu Jian Council.
 17777 | D:12     | Noticed a boulder beetle
 17789 | D:12     | Killed a boulder beetle
 17836 | D:12     | Found a staircase to the Orcish Mines.
 18072 | D:12     | Noticed a two-headed ogre
 18090 | D:12     | Killed a two-headed ogre
 18813 | D:12     | Noticed a two-headed ogre
 18819 | D:12     | Killed a two-headed ogre
 19012 | D:12     | Acquired 1003 gold pieces
 19030 | D:12     | Noticed a two-headed ogre
 19043 | D:12     | Killed a two-headed ogre
 19081 | Orc:1    | Entered Level 1 of the Orcish Mines
 19081 | Orc:1    | Found Bomothis's Magic Scroll Shoppe.
 19094 | Orc:1    | Noticed a two-headed ogre
 19220 | Orc:1    | Killed a two-headed ogre
 19376 | Orc:1    | Noticed a two-headed ogre
 19392 | Orc:1    | Killed a two-headed ogre
 19978 | Orc:2    | Entered Level 2 of the Orcish Mines
 19994 | Orc:2    | Reached XP level 13. HP: 86/86 MP: 17/23
 20060 | Orc:2    | Found Ykheneaph's Armour Boutique.
 20158 | Orc:2    | Found Ucrei's Book Emporium.
 20158 | Orc:2    | Noticed Snorg
 20337 | Orc:2    | Found a staircase to the Elven Halls.
 20421 | Orc:2    | Killed Snorg
 20755 | Orc:2    | Found a runed translucent door.
 20755 | Orc:2    | Noticed benappo's ghost (journeyman OpVM)
 21294 | Orc:2    | Found Zotwiveck's Antique Armour Boutique.
 21295 | Orc:2    | Found Heriw's Jewellery Shoppe.
 21295 | Orc:2    | Found Tougoa's Jewellery Shop.
 21299 | Orc:2    | Found Tyrip's Distillery.
 21305 | Orc:2    | Bought a ring of see invisible for 180 gold pieces
 21306 | Orc:2    | Bought the ring "Katosal" {Drain +Blink rElec rN+++ Slay+4}
                  | for 1430 gold pieces
 21308 | Orc:2    | Bought a potion of heal wounds for 80 gold pieces
 21308 | Orc:2    | Bought a potion of mutation for 128 gold pieces
 21400 | Orc:1    | Bought the Tome of the Volcanoes and Changing for 480 gold
                  | pieces
 21408 | Orc:1    | Learned a level 7 spell: Storm Form
 21593 | Orc:2    | Paralysed by an orc sorcerer for 7 turns
 21612 | Orc:2    | Noticed Azrael
 21809 | Lair:1   | Entered Level 1 of the Lair of Beasts
 21840 | Lair:1   | Reached skill level 1 in Air Magic
 22319 | Lair:1   | Noticed an ice dragon
 22346 | Lair:1   | Killed an ice dragon
 22837 | Lair:2   | Found a runed translucent door.
 22926 | Lair:2   | Noticed Jemig's ghost (journeyman DsFi)
 23296 | Lair:2   | Reached XP level 14. HP: 95/95 MP: 22/26
 23500 | Lair:2   | Identified the +2 glaive of the Grave {holy, rElec}
 23941 | Lair:3   | Noticed Prince Ribbit
 23947 | Lair:3   | Killed Prince Ribbit
 23983 | Lair:3   | Found a staircase to the Snake Pit.
 24022 | Lair:3   | Bought a ring of protection from fire for 375 gold pieces
 24419 | Lair:3   | Reached skill level 10 in Transmutations
 24738 | Lair:3   | Identified the +2 pair of boots of Compression {Stlth+}
 24912 | Lair:4   | Noticed Nergalle
 24931 | Lair:4   | Killed Nergalle
 25356 | Lair:4   | Found a staircase to the Shoals.
 26317 | Lair:5   | Reached skill level 5 in Air Magic
 26400 | Lair:5   | Found a staircase to the Slime Pits.
 26409 | Lair:5   | You fall into a shaft and drop 1 floor!
 26409 | Lair:6   | Entered Level 6 of the Lair of Beasts
 26469 | Lair:6   | Reached XP level 15. HP: 102/102 MP: 17/27
 27426 | Lair:6   | Reached skill level 10 in Dodging
 27616 | Lair:6   | Identified the amulet "Lykkuur" {Acrobat rCorr}
 27826 | Lair:6   | Noticed Rupert
 27845 | Lair:6   | Killed Rupert
 27846 | Lair:6   | Reached skill level 10 in Fighting
 29244 | D:13     | You fall into a shaft and drop 1 floor!
 29441 | D:14     | Found an opulent altar of Gozag.
 30108 | D:14     | Reached XP level 16. HP: 110/110 MP: 21/29
 30366 | D:15     | Entered Level 15 of the Dungeon
 30439 | D:15     | Found Akycagey's Weapon Boutique.
 30538 | D:15     | Noticed Louise
 30569 | D:15     | Killed Louise
 31164 | D:15     | Reached skill level 10 in Spellcasting
 31411 | D:15     | Acquired Hasart's Disquisition on the Rocks and Feathers
 31451 | D:15     | Learned a level 5 spell: Freezing Cloud
 31853 | D:15     | Paralysed by a great orb of eyes for 7 turns
 31867 | D:15     | Reached skill level 1 in Conjurations
 31869 | D:15     | Found a staircase to the Depths.
 32169 | Shoals:1 | Entered Level 1 of the Shoals
 32169 | Shoals:1 | Found Lotiqez's Assorted Antiques.
 33013 | Shoals:2 | Noticed Ilsuiw
 33047 | Shoals:2 | Killed Ilsuiw
 33283 | Shoals:2 | HP: 4/134 [faun/sling bullet[a satyr] (18)]
 33283 | Shoals:2 | Shot with an arrow by a satyr

Illustrated notes

Levels and vault maps discovered:
D:1:      dpeg_arrival_houses_and_road, layout_loops_cross,
          hellmonk_ecumenical_altar_lost_god, minivault_25,
          chequers_decorated_corner
D:2:      layout_basic
D:3:      layout_loops_cross, amcnicky_altar_gilded,
          mainiacjoe_overflow_big_doors, serial_shops, nicolae_shop_behind_doors
D:4:      layout_cave_pools, mainiacjoe_overflow_surrounded_room,
          ashenzari_altar_1, serial_column_ruins, column_ruins_hut,
          column_ruins_hut, column_ruins_open_medium, column_ruins_open_small,
          column_ruins_columns_T, column_ruins_columns_straight,
          column_ruins_grid_1, column_ruins_open_medium, uniq_eustachio
D:5:      layout_basic, zin_academy, lemuel_temple_firewalk_b, serial_shops,
          nicolae_shop_behind_doors, solitary_fountain
D:6:      layout_loops_cross, minmay_misc_feat_rugged
D:7:      layout_basic, serial_shops, shop, chequers_jeans, moated_statue
D:8:      layout_loops_ring
D:9:      layout_layer_cave, bloody_makhleb, minivault_26, uniq_maurice
D:10:     cheibrodos_ideogram_h, layout_cave_pools, erik_lair_island,
          serial_shops, shop
D:11:     layout_basic, serial_shops, shop, nicolae_wu_jian_glorious_leap,
          uniq_grum, uniq_fannar
D:12:     layout_basic, david_orc_5, david_defended_altar_orc
D:13:     layout_stronghold, erik_vaults_2
D:14:     layout_loops_ring, nicolae_gozag_seed_capital
D:15:     gammafunk_enter_depths_forms, layout_loops_ring, serial_shops, shop,
          dispersion_dpeg, uniq_louise
Temple:   eino_wide_crystal_templ
Lair:1:   dreamdust_isle_of_ice, layout_hall_layers, beast_lair_carwin_6,
          grunt_megastairs_3
Lair:2:   layout_concentric_octagons, ebering_ghost_reflecting_pool,
          serial_bayou_shore_a
Lair:3:   layout_roguey, minmay_snake_entry_guardpost_small, uniq_prince_ribbit2
Lair:4:   layout_cave_pods, minmay_shoals_entry_lonely_mermaid, uniq_nergalle
Lair:5:   layout_loops_ring, minmay_slime_entry_jelly_boxes,
          minmay_lair_oklob_bushes, serial_bayou_lagoon_b
Lair:6:   minmay_lair_end_frog_pond, layout_cave_pods, minmay_stone_trees_small,
          lemuel_old_faithful, uniq_rupert
Shoals:1: layout_shoals, serial_shops, shop
Shoals:2: layout_shoals, uniq_polyphemus, uniq_ilsuiw
Orc:1:    layout_caves, serial_shops, shop, lemuel_statue_altar
Orc:2:    st_orc_rangers, layout_caves, serial_shops, nicolae_shop_waterfront,
          nicolae_shop_behind_doors, shop, shop, shop,
          hellmonk_ghost_happy_afterlife, uniq_jorgrun, uniq_azrael, uniq_snorg

Skill      XL: |  1  2  3  4  5  6  7  8  9 10 11 12 13 14 15 16 |
---------------+-------------------------------------------------+-----
Fighting       | 2 3 4 5 6 7 8 9 10 11 | 11.0
Unarmed Combat | 4 5 6 7 8 9 11 12 13 | 13.6
Dodging        | 3 4 5 6 7 8 9 10 11 | 11.1
Spellcasting   | 3 4 5 6 7 8 9 10 | 10.2
Transmutations | 3 4 5 6 7 9 11 12 13 | 13.3
Poison Magic   | 1 2 4 6 8 9 10 | 10.0
Evocations     | 1 2 3 4 5 |  5.0
Ice Magic      | 2 3 4 6 7 |  7.3
Air Magic      | 2 5 6 7 |  7.6
Conjurations   | 1 |  1.8

Action                   |  1- 3 |  4- 6 |  7- 9 | 10-12 | 13-15 | 16-18 || total
-------------------------+-------+-------+-------+-------+-------+-------++-------
Melee: Unarmed           |    92 |   124 |   309 |   433 |   824 |   197 ||  1979
       Constrict         |    19 |    26 |    16 |    10 |     7 |       ||    78
       Tentacles         |    18 |    19 |    30 |    11 |    19 |     1 ||    98
       Punch             |     3 |     5 |     5 |     6 |     7 |       ||    26
       Kick              |     1 |     8 |     4 |       |       |       ||    13
 Cast: Beastly Appendage |     1 |     6 |     2 |       |       |       ||     9
       Spider Form       |       |     4 |    23 |     8 |       |       ||    35
       Wereblood         |       |     3 |    10 |     7 |    19 |     2 ||    41
       Olgreb's Toxic Ra |       |       |     3 |    82 |    86 |    23 ||   194
       Ice Form          |       |       |       |    41 |    71 |    23 ||   135
       Freezing Cloud    |       |       |       |       |       |     6 ||     6
Invok: Call Merchant     |       |       |       |     1 |     4 |       ||     5
       Potion Petition   |       |       |       |       |     1 |     1 ||     2
Evoke: Wand              |       |     3 |       |       |     2 |       ||     5
  Use: Scroll            |       |       |       |    16 |     2 |    12 ||    30
       Potion            |       |       |       |       |     1 |     2 ||     3
 Stab: Sleeping          |     7 |     2 |     3 |       |     3 |       ||    15
       Distracted        |       |     1 |     2 |     2 |     5 |     1 ||    11
       Invisible         |       |       |       |       |     1 |       ||     1
Armor: Skin              |     4 |    10 |    15 |   135 |   275 |    75 ||   514
Dodge: Dodged            |    56 |    99 |   276 |   316 |   673 |   115 ||  1535

Table legend: (Time is in decaauts)
 A = Elapsed time spent in this place.
 B = Non-inter-level travel time spent in this place.
 C = Inter-level travel time spent in this place.
 D = Time resting spent in this place.
 E = Time spent auto-exploring this place.
 F = Levels seen in this place.
 G = Mean time per level.
                   A        B        C        D        E       F      G
               +--------+--------+--------+--------+--------+-----+--------+
         Total |  33005 |  31251 |   1754 |   3965 |  21157 |  26 | 1269.4 |
       Dungeon |  22720 |  21451 |   1269 |   3130 |  14496 |  15 | 1514.7 |
        Temple |    125 |     28 |     97 |      0 |     14 |   1 |  125.0 |
          Lair |   6739 |   6418 |    321 |     54 |   5050 |   6 | 1123.2 |
        Shoals |   1100 |   1081 |     19 |    182 |    676 |   2 |  550.0 |
  Orcish Mines |   2319 |   2273 |     46 |    599 |    921 |   2 | 1159.5 |
               +--------+--------+--------+--------+--------+-----+--------+

Top non-repeatable levels by time:
     D:9: 2103 daAuts
     D:7: 2097 daAuts
     D:5: 1904 daAuts
    D:12: 1776 daAuts
     D:2: 1733 daAuts
     D:6: 1579 daAuts
    D:15: 1489 daAuts
    D:10: 1467 daAuts
     D:1: 1465 daAuts
    D:11: 1424 daAuts
  Lair:6: 1351 daAuts
     D:4: 1320 daAuts
     D:8: 1286 daAuts
     D:3: 1273 daAuts
   Orc:1: 1254 daAuts
